Map: Abyssal Reef LE

Players

TYTY - Winner!

  • Race: Terran Terran
  • Spawn Location: 11:00

PenguiN

  • Race: Zerg Zerg
  • Spawn Location: 5:00

VOD

Have the link to the VOD?

Description

Time

  • Played on: July 26, 2017, 9:10 p.m.
  • Length: 12:02
Show
View Real Time Build Order
Export as new Build Order

TYTY Terran - Winner!

Build Orders: Reaper Expand, MMM Bio 

Get SALT Encoding   

  12  0:00  SCV  
  13  0:12  SCV  
  14  0:17  Supply Depot  
  14  0:24  SCV  
  15  0:38  SCV  
  15  0:40  Barracks  
  16  0:44  Refinery  
  16  0:50  SCV  
  17  1:02  SCV  
  18  1:15  SCV  
  19  1:27  Reaper  
  19  1:29  Orbital Command  
  20  1:40  Command Center  
  20  1:49  Supply Depot  
  20  1:55  SCV  
  20  1:59  Marine  
  22  2:05  Factory  
  22  2:08  SCV  
  22  2:12  Refinery  
  23  2:20  SCV, Barracks Reactor  
  24  2:33  SCV  
  24  2:45  SCV  
  25  2:57  SCV  
  26  3:01  Starport  
  26  3:03  Hellion x2, Orbital Command  
  30  3:07  Barracks Tech Lab  
  30  3:09  SCV  
  31  3:21  SCV  
  31  3:24  Hellion x2  
  35  3:29  SCV  
  35  3:33  SCV  
  37  3:37  Medivac  
  37  3:41  SCV  
  40  3:44  Supply Depot  
  40  3:45  SCV  
  41  3:52  Marine x2  
  41  3:53  Supply Depot, SCV  
  44  3:57  SCV  
  45  4:05  SCV  
  45  4:06  Supply Depot  
  46  4:10  Marine x2, Factory Tech Lab  
  46  4:13  SCV  
  49  4:17  SCV  
  49  4:19  Raven  
  49  4:23  Command Center  
  52  4:26  SCV  
  52  4:28  Supply Depot  
  52  4:29  Marine  
  52  4:30  Marine  
  55  4:33  SCV  
  56  4:39  Supply Depot  
  56  4:40  SCV  
  57  4:52  SCV x2  
  59  4:55  Barracks  
  59  4:58  Factory Reactor  
  59  4:59  Barracks  
  59  5:01  Raven, Stimpack  
  59  5:02  Marine  
  59  5:06  SCV  
  63  5:12  SCV  
  64  5:18  Refinery  
  64  5:19  Refinery  
  64  5:20  Engineering Bay  
  64  5:21  Engineering Bay  
  64  5:22  Marine  
  64  5:25  SCV  
  66  5:31  SCV  
  67  5:37  SCV  
  69  5:43  SCV  
  69  5:45  Orbital Command  
  69  5:48  Factory Reactor, Marine  
  69  5:49  Marine x2  
  72  5:51  Factory Tech Lab  
  72  5:53  Starport Reactor, Terran Infantry Armor Level 1, Terran Infantry Weapons Level 1  
  72  5:58  Supply Depot  
  72  6:00  Marine  
  72  6:01  Marine, SCV  
  72  6:02  SCV  
  76  6:06  Marine  
  76  6:08  Marine  
  76  6:09  Marine  
  76  6:10  Siege Tank  
  82  6:12  Supply Depot, Orbital Command  
  82  6:14  SCV  
  82  6:16  Liberator, SCV  
  84  6:18  Marine x2  
  86  6:26  SCV  
  86  6:28  Medivac, SCV  
  86  6:29  Marine x3  
  95  6:36  Marine  
  95  6:39  SCV x2  
  99  6:41  SCV  
  99  6:42  Marine  
  99  6:45  Siege Tank  
  104  6:47  Marine x2  
  104  6:48  Marine  
  104  6:51  Supply Depot, SCV x2  
  104  6:53  SCV  
  110  6:55  Supply Depot  
  110  6:59  Armory  
  110  7:01  Medivac  
  110  7:02  Marine x2  
  110  7:03  SCV x2  
  110  7:05  SCV  
  117  7:14  Marine x3  
  117  7:15  SCV x2  
  122  7:18  Siege Tank  
  122  7:20  SCV  
  122  7:22  Marine x2, Supply Depot, Refinery  
  126  7:24  Combat Shields  
  126  7:27  SCV  
  126  7:28  SCV  
  130  7:32  Marine x2, SCV  
  130  7:34  Supply Depot  
  133  7:43  Medivac, SCV  
  136  7:44  SCV x2  
  136  7:46  Supply Depot  
  138  7:51  Marine x3  
  138  7:55  Marine  
  138  7:56  Siege Tank  
  138  7:58  SCV x2  
  145  8:05  Supply Depot  
  145  8:06  Supply Depot  
  145  8:08  Medivac  
  145  8:10  Marine x4  
  151  8:13  Medivac  
  151  8:18  Barracks  
  151  8:19  Barracks  
  145  8:24  Terran Infantry Weapons Level 2, Terran Infantry Armor Level 2  
  145  8:27  Marine x2  
  137  8:29  Marine x2  
  137  8:31  Liberator  
  143  8:35  Siege Tank  
  143  8:38  Marine  
  144  8:44  Liberator, Marine  
  144  8:45  Marine, SCV x2  
  144  8:47  Marine  
  152  8:51  Supply Depot  
  152  8:54  Command Center  
  152  8:55  Marine  
  153  8:56  Marine  
  153  9:00  Supply Depot  
  153  9:02  Factory, Marine  
  157  9:03  Marine, SCV x3  
  157  9:04  Marine  
  163  9:13  Barracks Reactor x2  
  163  9:14  Marine  
  163  9:15  Marine, SCV  
  163  9:16  SCV x2  
  164  9:20  Marine  
  164  9:22  Marine x2  
  167  9:31  Medivac  
  169  9:33  Marine  
  169  9:36  Marauder  
  169  9:38  Marine, Refinery  
  173  9:39  Terran Vehicle Weapons Level 1, Marine  
  173  9:40  Marine  
  173  9:41  Barracks  
  173  9:42  Barracks  
  173  9:44  Thor  
  181  9:49  SCV x2  
  181  9:51  Marine  
  84  9:52  Liberator  
  183  9:53  Factory Reactor, Medivac  
  183  9:56  Marine  
  181  10:04  Marine x2  
  181  10:06  Marine x3  
  156  10:11  Marine x2  
  156  10:12  Marine  
  156  10:13  Marine, SCV x2  
  156  10:14  SCV  
  158  10:22  Marine  
  158  10:25  Marine x3  
  158  10:28  Thor  
  162  10:30  Marauder, Barracks Tech Lab  
  162  10:32  Barracks Reactor  
  162  10:34  Sensor Tower  
  167  10:35  Planetary Fortress  
  167  10:39  Widow Mine x2  
  171  10:43  Marine x4  
  171  10:44  Marine x3  
  171  10:47  Refinery  
  178  10:51  Marine x3  
  181  11:01  Marine x7  
  181  11:02  Medivac x2  
  192  11:08  Widow Mine x2  
  192  11:09  Marine x3  
  199  11:17  Widow Mine  
  200  11:23  Marine  
  195  11:29  Command Center  
  181  11:42  Marine  
  181  11:43  Marine x7  
Show
View Real Time Build Order
Export as new Build Order

PenguiN Zerg 

Build Orders: Pool First 

Get SALT Encoding   

  12  0:00  Drone  
  13  0:12  Overlord  
  13  0:17  Drone  
  14  0:31  Drone x2  
  14  0:34  Drone  
  17  0:45  Spawning Pool  
  17  0:48  Drone  
  17  0:51  Extractor  
  16  1:01  Drone  
  17  1:15  Hatchery  
  16  1:20  Drone  
  17  1:31  Queen  
  19  1:32  Zergling x2  
  19  1:37  Drone  
  21  1:45  Overlord  
  21  1:50  Drone  
  22  2:04  Drone  
  22  2:05  Metabolic Boost  
  23  2:11  Queen  
  23  2:13  Drone  
  26  2:27  Drone  
  27  2:31  Overlord  
  27  2:35  Drone  
  26  2:37  Drone  
  26  2:40  Drone  
  26  2:42  Queen  
  30  2:45  Drone  
  31  2:55  Drone x2  
  31  2:57  Drone  
  31  2:58  Drone  
  34  3:01  Drone  
  35  3:07  Drone  
  35  3:10  Drone  
  37  3:21  Drone x2  
  37  3:22  Drone  
  39  3:28  Hatchery  
  39  3:31  Drone  
  39  3:33  Drone  
  40  3:34  Overlord  
  40  3:35  Drone  
  41  3:45  Queen  
  41  3:47  Zergling x2  
  44  3:50  Overlord  
  44  3:53  Evolution Chamber  
  44  3:54  Zergling x6  
  46  3:58  Drone x2  
  46  3:59  Drone  
  46  4:01  Drone  
  50  4:05  Drone  
  50  4:06  Drone  
  52  4:12  Extractor  
  52  4:15  Drone, Evolution Chamber  
  51  4:18  Drone  
  51  4:20  Lair  
  51  4:24  Queen  
  52  4:26  Drone, Spore Crawler  
  52  4:28  Drone  
  56  4:31  Drone x2  
  56  4:33  Drone  
  56  4:34  Drone  
  59  4:38  Baneling Nest  
  59  4:39  Drone  
  59  4:43  Spore Crawler  
  59  4:44  Zergling x2  
  58  4:53  Drone x2  
  58  4:54  Overlord  
  58  4:56  Zergling x4  
  58  4:59  Drone  
  63  5:05  Queen  
  63  5:06  Drone  
  65  5:07  Extractor  
  65  5:09  Overlord  
  65  5:11  Drone  
  65  5:13  Overlord  
  66  5:16  Drone x3  
  66  5:21  Overseer  
  69  5:22  Drone x2  
  69  5:23  Drone  
  69  5:25  Extractor  
  69  5:27  Drone, Extractor  
  71  5:29  Drone  
  71  5:32  Drone x2  
  74  5:40  Zergling x4  
  74  5:41  Drone x3  
  69  5:43  Drone x2  
  69  5:44  Drone  
  69  5:47  Drone x2  
  73  5:52  Drone  
  73  5:54  Drone  
  73  5:55  Drone  
  76  5:58  Centrifical Hooks  
  76  5:59  Drone  
  76  6:01  Baneling x4  
  76  6:02  Overseer  
  77  6:09  Drone  
  77  6:10  Drone x4  
  82  6:15  Overlord x2  
  82  6:20  Extractor  
  79  6:25  Zergling x2  
  79  6:26  Zergling x4  
  79  6:28  Zergling x2  
  81  6:33  Drone x2, Overlord  
  81  6:36  Zergling x8  
  81  6:39  Zerg Melee Weapons Level 1, Zerg Ground Armor Level 1  
  87  6:40  Baneling x4  
  87  6:43  Zergling x4  
  89  6:49  Zergling x8  
  89  6:51  Drone  
  89  6:54  Drone  
  95  6:58  Hatchery  
  95  7:01  Drone x2  
  96  7:02  Drone x2  
  96  7:06  Zergling x6  
  96  7:08  Baneling x3  
  101  7:14  Overlord  
  101  7:15  Zergling x2, Overlord  
  102  7:20  Zergling x2  
  102  7:21  Zergling x4  
  105  7:23  Overlord x2  
  105  7:27  Baneling  
  105  7:28  Extractor, Baneling x6  
  104  7:34  Baneling x3  
  104  7:35  Baneling x3  
  104  7:36  Zergling x8  
  104  7:37  Zergling x2  
  109  7:39  Baneling x2  
  109  7:40  Baneling x3  
  109  7:41  Zergling x2  
  109  7:42  Zergling x2  
  111  7:50  Spire  
  110  7:52  Baneling x4  
  110  7:53  Zergling x2  
  110  7:54  Zergling x6  
  110  7:59  Spore Crawler  
  106  8:07  Drone x2  
  106  8:11  Drone  
  104  8:14  Zergling x2  
  104  8:17  Drone x2  
  100  8:22  Zergling x6  
  95  8:30  Zergling x14  
  101  8:38  Baneling  
  101  8:39  Baneling x4  
  101  8:40  Zergling x2  
  101  8:41  Zergling x8  
  100  8:49  Zergling x2  
  100  8:50  Zergling x12  
  100  8:55  Baneling x6  
  105  8:57  Zergling x4  
  107  9:04  Zerg Flyer Weapons Level 1, Zerg Melee Weapons Level 2  
  107  9:08  Zergling x6  
  105  9:19  Drone x5  
  108  9:24  Zergling x10  
  108  9:25  Zergling x2  
  108  9:28  Baneling x5  
  110  9:31  Drone  
  110  9:35  Zergling x8  
  108  9:40  Zergling x8  
  108  9:44  Drone x2  
  108  9:54  Zergling x16  
  103  10:03  Zergling x12  
  89  10:10  Drone x5  
  89  10:14  Zergling x8  
  94  10:17  Baneling x4  
  94  10:19  Baneling x4  
  91  10:26  Drone x3  
  91  10:27  Drone x2  
  91  10:29  Drone  
  91  10:37  Baneling x8  
  89  10:43  Mutalisk x2  
  94  10:51  Zergling x2  
  94  10:52  Zergling x10  
  100  11:03  Zergling x16  
  106  11:05  Baneling  
  106  11:08  Baneling x5  
  105  11:16  Zergling x12  
  105  11:17  Zergling x4  
  104  11:18  Baneling  
  104  11:19  Baneling x2  
  104  11:22  Zergling x6  
  100  11:29  Zergling x10  
  95  11:38  Zergling x12  
  95  11:44  Zergling x2  
  91  11:47  Baneling  
  91  11:48  Baneling x5  
Tags
 
Add a new tag
Caveats
  • Supply blocks, unpowered buildings, or Contaminate may cause inaccurate times.
  • Supply counts are checked every 10 seconds.